Map: [ESL] Equilibrium

Players

LiquidElazer (Elazer)

  • Race: Zerg Zerg
  • League: Master
  • Spawn Location: 1:00

LiquidClem (Clem) - Winner!

  • Race: Terran Terran
  • League: Grandmaster
  • Spawn Location: 11:00

Event: IEM Katowice 2024

VOD

Have the link to the VOD?

Description

Time

  • Played on: Dec. 8, 2023, 1:45 p.m.
  • Length: 24:31

All games in this series

Show
View Real Time Build Order
Export as new Build Order

LiquidElazer Zerg 

Build Orders: Hatch First 

Get SALT Encoding   

  12  0:00  Drone  
  13  0:12  Overlord  
  13  0:17  Drone  
  14  0:30  Drone x2  
  16  0:48  Hatchery  
  15  0:51  Drone  
  15  0:54  Drone  
  17  0:58  Drone  
  18  1:08  Extractor  
  17  1:12  Spawning Pool  
  17  1:16  Drone  
  17  1:19  Drone  
  18  1:28  Drone  
  19  1:38  Drone  
  20  1:49  Drone  
  21  2:00  Queen x2  
  21  2:01  Zergling x4  
  27  2:12  Drone  
  27  2:13  Metabolic Boost, Overlord  
  28  2:28  Hatchery  
  28  2:30  Drone  
  28  2:31  Drone  
  28  2:35  Drone  
  28  2:36  Drone  
  30  2:44  Queen  
  30  2:48  Drone  
  30  2:51  Overlord  
  33  2:55  Drone x2  
  35  3:04  Overlord  
  36  3:05  Drone  
  36  3:10  Drone x3  
  39  3:14  Queen  
  39  3:19  Queen  
  43  3:29  Drone x2  
  43  3:30  Zergling x4  
  47  3:40  Drone, Overlord  
  48  3:43  Drone x4, Queen  
  54  3:56  Queen  
  54  4:02  Zergling x2  
  57  4:03  Zergling x8  
  57  4:06  Drone x2  
  63  4:11  Zergling x4  
  63  4:15  Overlord  
  65  4:22  Drone x2  
  64  4:33  Drone  
  64  4:34  Drone x5  
  70  4:39  Queen  
  70  4:41  Overlord  
  70  4:42  Drone  
  70  4:44  Drone  
  72  4:46  Drone  
  72  4:49  Spore Crawler x3, Queen  
  72  4:57  Queen  
  71  5:01  Drone x7  
  71  5:06  Unknown  
  75  5:12  Zergling x14  
  75  5:13  Overlord  
  82  5:15  Evolution Chamber  
  82  5:16  Evolution Chamber  
  82  5:18  Extractor, Queen  
  82  5:20  Zergling x2  
  82  5:23  Overlord  
  82  5:27  Overlord  
  82  5:31  Hatchery  
  82  5:33  Roach Warren, Drone x5, Lair  
  85  5:38  Drone x5  
  85  5:42  Extractor  
  89  5:43  Extractor, Zerg Missile Weapons Level 1  
  89  5:45  Zerg Ground Armor Level 1  
  89  5:47  Drone x2  
  89  5:49  Drone  
  91  5:52  Drone x3  
  91  5:54  Overlord  
  92  6:04  Zergling x6  
  88  6:10  Zergling x2  
  88  6:11  Zergling x14  
  90  6:28  Drone x4, Overlord  
  90  6:29  Drone x2  
  93  6:34  Drone x2  
  93  6:37  Glial Reconstitution, Overlord  
  95  6:45  Roach x8  
  111  6:56  Roach x3  
  111  6:57  Roach x3  
  111  7:01  Hatchery  
  122  7:04  Overlord x2  
  122  7:06  Overlord  
  122  7:08  Infestation Pit  
  122  7:09  Roach x3  
  127  7:17  Roach x4  
  135  7:23  Overlord  
  135  7:24  Overlord x2  
  135  7:28  Roach  
  135  7:29  Roach x4  
  145  7:33  Roach  
  145  7:34  Roach x4  
  155  7:40  Overlord  
  155  7:41  Roach  
  155  7:42  Roach x5  
  155  7:43  Overlord  
  166  7:49  Roach x2  
  168  7:55  Roach x3  
  168  7:57  Ravager x9  
  181  8:14  Ravager x4  
  181  8:19  Roach  
  191  8:20  Roach x2, Overlord  
  167  8:41  Roach x14  
  153  8:49  Roach x5  
  153  8:51  Roach  
  153  8:53  Zergling x18  
  170  9:00  Roach x4  
  166  9:08  Roach x7  
  172  9:11  Extractor x2  
  172  9:14  Roach x3  
  176  9:21  Hive  
  176  9:22  Drone x4  
  164  9:43  Drone x6  
  170  9:50  Ravager x2  
  170  9:51  Ravager  
  173  9:53  Drone x3  
  173  9:55  Zergling x2  
  173  9:56  Zergling x28  
  173  9:57  Zerg Ground Armor Level 2  
  173  9:58  Zerg Melee Weapons Level 1  
  190  10:01  Baneling Nest, Spore Crawler x2  
  190  10:02  Spore Crawler  
  190  10:03  Spore Crawler  
  190  10:07  Zergling x8  
  189  10:12  Burrow  
  186  10:17  Spore Crawler  
  184  10:40  Spore Crawler  
  179  10:43  Spore Crawler  
  179  10:49  Zergling x56  
  192  10:51  Adrenal Glands  
  192  10:53  Drone x2  
  192  10:55  Ultralisk Cavern  
  189  11:05  Zergling x10  
  187  11:14  Zergling x14  
  179  11:20  Centrifugal Hooks, Overlord  
  179  11:21  Drone x5  
  179  11:22  Pneumatized Carapace, Drone x4  
  180  11:33  Drone x2  
  180  11:35  Drone x4  
  180  11:36  Drone  
  180  11:39  Baneling x5, Spore Crawler  
  186  11:40  Hatchery  
  186  11:41  Baneling x4  
  186  11:43  Overseer  
  186  11:44  Overseer  
  186  11:45  Chitinous Plating  
  191  11:47  Ultralisk x2  
  191  11:50  Extractor  
  191  11:51  Extractor  
  191  11:53  Zergling x8  
  200  11:54  Baneling x4  
  200  11:55  Baneling x4  
  196  12:01  Spore Crawler  
  196  12:02  Spore Crawler  
  172  12:15  Zergling x28  
  158  12:27  Ultralisk x5  
  176  12:46  Viper  
  176  12:53  Zergling x12, Extractor  
  176  12:54  Zergling x6  
  184  13:00  Baneling x10  
  184  13:02  Hatchery  
  184  13:04  Anabolic Synthesis  
  183  13:06  Zerg Melee Weapons Level 2  
  183  13:11  Drone x2  
  183  13:12  Drone  
  186  13:13  Drone  
  186  13:15  Drone x3  
  186  13:16  Drone x3  
  186  13:19  Hatchery  
  192  13:22  Infestor x2  
  193  13:41  Zerg Ground Armor Level 3  
  193  13:44  Baneling x2  
  193  13:45  Baneling x5  
  193  13:48  Overseer  
  193  13:52  Drone x6  
  193  13:53  Drone  
  193  13:55  Spore Crawler x2  
  199  13:59  Spire  
  190  14:33  Drone  
  190  14:35  Zergling x24  
  197  14:46  Zergling x6  
  200  14:53  Infestor, Spore Crawler  
  200  14:54  Spore Crawler  
  198  15:04  Spine Crawler x4  
  198  15:05  Spore Crawler, Spine Crawler x2  
  183  15:24  Zergling x22  
  169  15:36  Zergling x60  
  169  15:38  Zerg Melee Weapons Level 3  
  184  15:47  Drone x7  
  191  15:52  Drone x3  
  191  15:54  Baneling x17  
  191  15:55  Ravager x2  
  196  15:57  Baneling x3  
  196  15:58  Zergling x6, Baneling x10  
  196  16:00  Zerg Flyer Weapons Level 1  
  196  16:02  Baneling x6  
  196  16:03  Baneling x3  
  199  16:11  Baneling x14  
  199  16:18  Zerg Missile Weapons Level 2  
  194  16:37  Zergling x2  
  194  16:38  Zergling x26  
  193  17:24  Zergling x12  
  173  17:39  Baneling x2  
  173  17:40  Roach x2  
  173  17:41  Roach x2  
  173  17:43  Ultralisk  
  173  17:44  Ultralisk x4  
  189  17:45  Ultralisk  
  194  17:55  Zergling x10  
  194  17:57  Baneling x9  
  177  18:33  Zergling x64  
  184  18:34  Zergling x6  
  184  18:37  Zergling x4  
  188  18:48  Zergling x14, Overlord  
  188  18:50  Overseer x2  
  185  18:58  Corruptor  
  185  18:59  Hatchery  
  185  19:00  Drone x6  
  190  19:04  Baneling  
  190  19:05  Baneling x19  
  166  19:23  Drone x5  
  152  19:27  Roach x5  
  152  19:30  Zergling x30  
  164  19:41  Zerg Flyer Weapons Level 2  
  164  19:44  Zergling x2  
  164  19:45  Zergling x20  
  171  19:52  Viper x3  
  171  19:54  Infestor x3  
  144  20:07  Zergling x18  
  153  20:15  Ravager x5  
  153  20:16  Ultralisk x3  
  153  20:20  Zergling x8  
  180  20:26  Queen x4  
  180  20:27  Queen  
  180  20:28  Zergling x4  
  192  20:29  Overlord x2  
  192  20:30  Overseer x3  
  192  20:33  Baneling x22  
  192  20:39  Overseer  
  186  20:51  Zergling x8  
  186  20:52  Zergling x28  
  186  20:55  Hatchery  
  198  20:58  Zergling x4  
  180  21:12  Zergling x14, Ultralisk x2  
  180  21:13  Zergling x2  
  200  21:25  Extractor, Baneling  
  199  21:26  Extractor, Baneling x17  
  198  21:36  Zergling x4, Infestor  
  198  21:37  Baneling x13  
  198  22:07  Zergling x4  
  147  22:32  Zergling x58  
  147  22:33  Zergling x10  
  172  22:47  Zergling x16  
  174  22:53  Baneling x4  
  174  22:54  Roach  
  174  22:55  Roach x2  
  174  22:56  Zergling x10  
  184  23:12  Zergling x16  
  188  23:16  Corruptor x8  
  184  23:26  Corruptor x5  
  180  23:31  Zergling x6  
  183  23:39  Zergling x2  
  183  23:40  Zergling x18  
  193  23:45  Zergling x2, Extractor x2  
  193  23:46  Baneling x8  
  180  24:03  Zergling x30  
Show
View Real Time Build Order
Export as new Build Order

LiquidClem Terran - Winner!

Build Orders: Reaper Expand, Hellion Banshee 

Get SALT Encoding   

  12  0:00  SCV  
  13  0:12  SCV  
  14  0:16  Supply Depot  
  14  0:24  SCV  
  15  0:38  SCV  
  15  0:39  Barracks  
  15  0:42  Refinery  
  16  0:50  SCV  
  17  1:02  SCV  
  18  1:14  SCV  
  19  1:26  Reaper  
  19  1:27  Orbital Command  
  20  1:37  Command Center  
  20  1:44  Supply Depot  
  20  1:52  SCV  
  21  1:58  Marine  
  22  2:05  SCV  
  23  2:13  Factory  
  23  2:18  Barracks Reactor  
  23  2:20  SCV  
  24  2:39  SCV  
  24  2:42  Command Center  
  25  2:51  SCV  
  26  2:53  Orbital Command  
  26  2:59  Starport  
  26  3:03  SCV  
  27  3:06  Refinery  
  27  3:07  Hellion  
  27  3:11  Hellion  
  31  3:17  Barracks Tech Lab  
  31  3:19  SCV x2  
  33  3:31  SCV x2  
  33  3:33  Hellion  
  37  3:36  Hellion  
  39  3:43  SCV x2  
  39  3:47  Banshee  
  43  3:55  SCV  
  44  3:57  Hellion x2, SCV  
  44  4:01  Cloaking Field  
  49  4:03  Orbital Command  
  49  4:06  Barracks Tech Lab  
  49  4:07  SCV  
  50  4:13  Supply Depot  
  50  4:14  SCV  
  51  4:19  SCV  
  51  4:20  Hellion  
  51  4:21  Hellion  
  56  4:26  SCV  
  56  4:29  SCV  
  56  4:30  Banshee  
  61  4:33  SCV, Marine  
  61  4:38  SCV  
  60  4:41  SCV  
  60  4:45  SCV  
  60  4:50  Barracks, Supply Depot, SCV  
  60  4:52  Barracks, Hellion  
  62  4:56  Hellion, SCV  
  62  4:57  Marine  
  62  4:58  SCV  
  66  5:07  Engineering Bay  
  66  5:08  Refinery, Engineering Bay  
  66  5:09  SCV  
  66  5:12  Stimpack  
  66  5:13  SCV  
  68  5:15  Supply Depot, Marine  
  68  5:20  Refinery  
  70  5:26  Orbital Command  
  70  5:28  SCV  
  70  5:32  SCV  
  70  5:34  Barracks, Terran Infantry Armor Level 1  
  70  5:35  Barracks  
  71  5:37  Factory Reactor  
  71  5:38  Starport Reactor  
  71  5:40  SCV  
  71  5:41  Barracks Reactor, Supply Depot  
  72  5:45  Terran Infantry Weapons Level 1, SCV  
  72  5:47  Marine  
  72  5:49  Supply Depot  
  74  5:52  SCV x2  
  74  5:53  Marine x2  
  78  5:57  SCV  
  79  6:04  SCV x2  
  79  6:05  Marine  
  79  6:10  SCV  
  79  6:12  Supply Depot  
  79  6:13  Armory  
  79  6:15  Marine x2  
  79  6:16  SCV, Medivac x2  
  79  6:17  SCV  
  91  6:19  Marine  
  91  6:22  Barracks Reactor x2, SCV  
  85  6:27  Marine  
  85  6:28  SCV  
  85  6:29  Marine  
  85  6:32  SCV  
  82  6:33  Marine x2  
  82  6:34  Supply Depot  
  82  6:35  Siege Tank  
  82  6:36  Refinery  
  82  6:37  SCV, Supply Depot  
  86  6:42  SCV  
  86  6:43  Marine  
  86  6:44  SCV  
  86  6:45  Marine  
  90  6:47  Marine, Supply Depot  
  90  6:50  SCV  
  90  6:51  Combat Shield  
  90  6:52  Factory, Marine  
  90  6:53  Marine  
  94  6:54  SCV  
  94  6:58  SCV  
  94  7:00  Marine x2  
  94  7:01  Supply Depot, Marine  
  98  7:02  Marine x2  
  98  7:03  Marine  
  98  7:05  Marine  
  103  7:09  Supply Depot  
  103  7:10  Siege Tank, Supply Depot, Marine  
  103  7:14  Marine, Medivac x2  
  112  7:18  Supply Depot  
  112  7:19  Marine x2, Refinery  
  112  7:20  Marine  
  115  7:24  Marine x2  
  115  7:25  Marine x2  
  115  7:26  Drilling Claws  
  119  7:33  Command Center  
  119  7:36  Sensor Tower  
  119  7:38  Marine  
  119  7:39  Marine x2, SCV  
  119  7:40  Marine, Supply Depot  
  119  7:43  Siege Tank  
  127  7:46  Marine x3  
  127  7:47  Marine x2  
  130  7:53  Terran Infantry Armor Level 2  
  130  7:56  Marine  
  130  7:57  Marine x2  
  133  8:01  Terran Infantry Weapons Level 2, Marine  
  133  8:03  Supply Depot  
  133  8:04  Marine  
  135  8:08  Marine  
  135  8:09  Marine  
  135  8:11  Marine  
  138  8:13  Concussive Shells  
  138  8:15  Barracks x3, Widow Mine  
  138  8:18  Widow Mine x2, Marine  
  138  8:19  Marine  
  146  8:26  Marine  
  146  8:29  Marine x3  
  146  8:30  Medivac  
  146  8:31  Marine x2, Medivac  
  146  8:32  Marine  
  150  8:36  Marine  
  150  8:37  Marine, Widow Mine  
  150  8:40  SCV, Widow Mine  
  129  8:43  SCV x2  
  129  8:44  Marine  
  129  8:47  Marine x3  
  127  8:48  Marine  
  127  8:49  Marine  
  127  8:51  Marine, Widow Mine  
  127  8:53  SCV  
  127  8:54  Marine  
  132  8:55  Marine  
  132  9:01  Marine  
  132  9:03  Command Center  
  132  9:04  Marine  
  132  9:05  Marine x2  
  132  9:06  Marine  
  132  9:09  Marine x2  
  135  9:12  Marine  
  135  9:13  Marine  
  135  9:14  Widow Mine x2  
  135  9:16  Medivac  
  143  9:19  Marine  
  143  9:21  Terran Vehicle And Ship Armor Level 1  
  143  9:22  Widow Mine, Marine x2  
  143  9:23  Marine  
  149  9:24  Marine  
  149  9:27  SCV, Marine x2  
  149  9:28  SCV  
  149  9:30  Marine  
  149  9:31  Marine  
  153  9:37  Marine  
  153  9:38  Widow Mine x2  
  148  9:39  Barracks Tech Lab x2  
  148  9:40  Barracks Tech Lab, Marine  
  148  9:42  Supply Depot  
  147  9:46  Widow Mine, Marine  
  147  9:51  Marine  
  147  9:52  SCV  
  152  9:53  Marine x3  
  152  9:54  Marine x2  
  152  9:57  Supply Depot  
  152  9:58  Marauder  
  152  9:59  Marauder  
  161  10:03  Widow Mine x2  
  161  10:04  Marauder  
  161  10:05  Marine  
  168  10:08  Sensor Tower  
  168  10:10  Marine x3  
  168  10:12  Bunker  
  168  10:13  Marauder  
  175  10:14  Widow Mine  
  175  10:18  Marine, Medivac x2  
  175  10:19  Marine x2  
  183  10:21  SCV  
  183  10:22  SCV  
  183  10:27  Widow Mine, Marine  
  187  10:33  Marine  
  187  10:34  Marauder x2  
  187  10:35  SCV  
  187  10:39  Marine x3  
  187  10:42  Marine  
  183  10:48  Medivac  
  179  10:50  Marine x2  
  179  10:52  Siege Tank, Marauder  
  179  10:53  Planetary Fortress, Widow Mine  
  190  10:57  Marauder  
  187  11:08  Medivac  
  187  11:09  Marauder  
  185  11:12  Ghost Academy  
  185  11:15  Marauder  
  185  11:17  Widow Mine  
  175  11:18  Medivac  
  175  11:19  Marine  
  175  11:21  Marine  
  175  11:25  Terran Infantry Armor Level 3, Terran Infantry Weapons Level 3  
  179  11:28  Marine  
  179  11:37  Medivac  
  181  11:40  Command Center, Refinery x2  
  181  11:41  Sensor Tower, Missile Turret  
  181  11:45  Widow Mine, Marine  
  184  11:48  Medivac  
  184  11:49  Ghost x2  
  184  11:51  Marauder  
  184  11:52  Widow Mine  
  194  11:56  Terran Vehicle And Ship Armor Level 2  
  194  11:58  Command Center  
  194  12:07  Ghost, Widow Mine  
  196  12:11  Ghost, Marine  
  184  12:17  Ghost  
  184  12:21  Widow Mine  
  178  12:30  Command Center  
  178  12:32  Ghost  
  178  12:35  Ghost  
  179  12:39  Liberator  
  179  12:40  Ghost, Marine x3  
  179  12:41  Marine x2  
  179  12:42  Marine x2, Widow Mine  
  179  12:43  Marine  
  185  12:54  Liberator, Ghost  
  185  12:57  Orbital Command  
  190  13:05  Marauder  
  192  13:08  Unknown  
  192  13:10  Missile Turret  
  192  13:34  Command Center  
  192  13:35  Planetary Fortress, Command Center  
  190  13:46  Missile Turret  
  190  13:47  Fusion Core, Liberator x2  
  196  13:48  Starport  
  196  13:49  Ghost  
  198  14:03  Command Center  
  198  14:10  Ghost  
  200  14:21  Command Center x2  
  200  14:29  Ghost  
  193  14:38  Liberator x2  
  193  14:39  Starport Reactor  
  193  14:40  Starport  
  193  14:42  Advanced Ballistics  
  197  14:54  Command Center  
  197  14:55  Command Center  
  197  14:56  Orbital Command  
  197  14:57  Orbital Command  
  197  15:02  Sensor Tower  
  197  15:12  Missile Turret  
  197  15:14  Ghost  
  197  15:20  Liberator  
  197  15:21  Ghost x2  
  195  15:22  Liberator, Widow Mine  
  195  15:26  Ghost  
  184  15:41  Orbital Command  
  184  15:42  Orbital Command  
  180  15:52  Armory, Starport  
  180  15:53  Terran Vehicle And Ship Armor Level 3  
  180  15:54  Caduceus Reactor, Missile Turret  
  180  15:56  Starport Reactor  
  180  15:58  Viking x2, Planetary Fortress  
  180  16:00  Personal Cloaking  
  180  16:03  Viking  
  186  16:04  Refinery  
  186  16:05  Refinery  
  186  16:08  Orbital Command  
  186  16:09  Orbital Command  
  186  16:16  Neosteel Armor  
  186  16:17  Hi-Sec Auto Tracking  
  186  16:25  Orbital Command  
  186  16:26  Liberator  
  186  16:27  Liberator x2  
  186  16:31  Liberator  
  188  16:50  Cyclone  
  188  16:51  Liberator x2, Cyclone  
  196  17:02  Terran Ship Weapons Level 1  
  196  17:15  Starport Reactor  
  192  17:18  Starport  
  192  17:21  Command Center  
  192  17:29  Command Center  
  168  17:31  Ghost x4  
  168  17:32  Marine x6  
  168  17:33  Widow Mine x2  
  168  17:34  Command Center  
  168  17:36  Liberator  
  185  17:38  Orbital Command  
  185  17:40  Liberator  
  169  17:46  Liberator, Widow Mine  
  169  17:48  Liberator  
  177  17:53  Liberator  
  177  17:55  Widow Mine  
  177  17:57  Viking  
  184  17:59  Ghost x4  
  192  18:15  Widow Mine x2  
  192  18:16  Viking  
  192  18:17  Starport Reactor  
  192  18:18  Viking  
  185  18:28  Ghost  
  185  18:30  Ghost  
  174  18:41  Liberator  
  171  18:42  Orbital Command  
  171  18:44  Ghost  
  171  18:46  Liberator x2  
  171  18:47  Liberator  
  182  18:49  Liberator  
  182  18:53  Orbital Command  
  182  19:06  Viking x2  
  182  19:10  Ghost  
  182  19:15  Ghost  
  175  19:18  Ghost  
  175  19:23  Ghost  
  175  19:26  Marine x3  
  175  19:28  SCV x2  
  175  19:29  SCV x4  
  181  19:38  Ghost  
  181  19:42  Liberator x2  
  181  19:45  Missile Turret x2, Widow Mine x3  
  195  19:49  Liberator  
  195  19:50  Planetary Fortress  
  198  19:58  Ghost  
  196  20:01  Ghost  
  196  20:06  Liberator  
  193  20:10  Widow Mine  
  193  20:11  Ghost  
  193  20:12  Terran Ship Weapons Level 2  
  197  20:20  Ghost  
  199  20:26  Missile Turret  
  199  20:27  Missile Turret  
  199  20:29  Missile Turret  
  199  20:36  Command Center  
  199  20:37  Command Center  
  199  20:38  Refinery  
  199  20:43  Refinery  
  193  20:58  Missile Turret  
  193  20:59  SCV  
  190  21:05  Marauder  
  190  21:11  SCV  
  187  21:17  Missile Turret  
  187  21:29  Liberator x3  
  187  21:30  Liberator  
  199  21:56  Orbital Command  
  199  22:08  Missile Turret  
  199  22:12  Sensor Tower  
  199  22:15  Refinery  
  197  22:16  Refinery  
  197  22:18  Liberator  
  197  22:20  Marauder  
  197  22:21  Marauder  
  197  22:22  Liberator x2  
  199  22:23  Liberator  
  199  22:27  Ghost  
  191  22:32  Orbital Command, Marauder  
  190  22:43  Marauder x2, Marine  
  195  22:49  Liberator  
  192  22:59  Missile Turret  
  192  23:04  Sensor Tower  
  192  23:05  Missile Turret  
  192  23:12  Widow Mine x3  
  196  23:24  Ghost  
  198  23:29  Planetary Fortress  
  198  23:33  Missile Turret  
  198  23:34  Missile Turret x2  
  198  23:36  Refinery  
  198  23:38  Refinery  
  198  23:41  Missile Turret  
  198  23:42  Missile Turret  
  198  23:47  Missile Turret  
  185  24:31  Command Center  

Tags
 
Add a new tag
Caveats
  • Supply blocks, unpowered buildings, or Contaminate may cause inaccurate times.
  • Supply counts are checked every 10 seconds.